 Dungeon Crawl Stone Soup version 0.20.1-1-g8b1a95d (webtiles) character file.

5611 Ferdoslav the Bludgeoner (level 10, -5/77 HPs)
             Began as a Minotaur Fighter on Oct 2, 2017.
             Was a High Priest of Okawaru.
             Slain by Snorg (20 damage)
             ... on level 9 of the Dungeon.
             The game lasted 00:14:19 (8619 turns).

Ferdoslav the Bludgeoner (Minotaur Fighter)         Turns: 8619, Time: 00:14:19

Health: -5/77      AC: 11    Str: 20    XL:     10   Next: 45%
Magic:  9/9        EV:  3    Int:  5    God:    Okawaru [*****.]
Gold:   454        SH: 18    Dex: 14    Spells: 9/9 levels left

rFire    . . .     SeeInvis .   I - +0 morningstar
rCold    . . .     Gourm    .   e - +2 large shield
rNeg     . . .     Faith    .   y - +0 plate armour
rPois    .         Spirit   .   (helmet restricted)
rElec    .         Reflect  .   (no cloak)
rCorr    .         Harm     .   (no gloves)
MR       .....                  (no boots)
Stlth    ..........             (no amulet)
Regen    0.3/turn               b - ring of ice
MPRegen  0.2/turn               v - ring of fire

@: no status effects
A: retaliatory headbutt, horns 2, sense surroundings 1, sturdy frame 1
a: Heroism, Finesse, Renounce Religion


You were on level 9 of the Dungeon.
You worshipped Okawaru.
Okawaru was extremely pleased with you.
You were not hungry.

You visited 2 branches of the dungeon, and saw 11 of its levels.

You collected 454 gold pieces.

Inventory:

Hand Weapons
 I - a +0 morningstar (weapon)
Armour
 c - a +0 shield
 e - a +2 large shield (worn)
 y - a +0 plate armour (worn)
Jewellery
 b - a ring of ice (left hand)
 d - an uncursed amulet of regeneration {unknown}
 v - a ring of fire (right hand)
 z - an uncursed amulet of guardian spirit {unknown}
 F - an uncursed ring of protection from cold {unknown}
Wands
 B - a wand of paralysis (7/24)
 D - a wand of polymorph (12/24)
 G - a wand of digging (11/24)
 H - a wand of paralysis (9/24)
Scrolls
 j - 2 scrolls of random uselessness {unknown}
 k - a scroll of fear {unknown}
 l - 6 scrolls of teleportation {unknown}
 m - 9 scrolls of identify
 n - a scroll of fog {unknown}
 p - 3 scrolls of remove curse
 q - 2 scrolls of enchant armour {unknown}
 s - a scroll of amnesia {unknown}
 u - a scroll of immolation {unknown}
 w - a scroll of noise {unknown}
 x - 2 scrolls of recharging {unknown}
 E - 2 scrolls of enchant weapon {unknown}
Potions
 a - a potion of agility {unknown}
 g - 4 potions of curing {unknown}
 h - a potion of mutation
 i - a potion of heal wounds
 A - a potion of ambrosia
 C - a potion of lignification
 J - a potion of cancellation {unknown}
Comestibles
 f - 13 bread rations
 o - a royal jelly
 r - 6 fruits
 t - 3 meat rations


   Skills:
 - Level 3.6 Fighting
 + Level 16.2 Maces & Flails
 - Level 3.6 Armour
 + Level 8.3 Shields


You had 9 spell levels left.
You didn't know any spells.

Dungeon Overview and Level Annotations

Branches:
Dungeon (10/15)            Temple (1/1) D:4            Lair (0/6) D:8
    Orc: D:9-12

Altars:
Ashenzari
Cheibriados
Elyvilon
Fedhas
Gozag
Hepliaklqana
Kikubaaqudgha
Nemelex Xobeh
Okawaru
Qazlal
Ru
Sif Muna
Trog
Vehumet
Zin
The Shining One

Shops:
D:4 *   D:8 [   D:9 *

Annotations:
D:9 Snorg


Innate Abilities, Weirdness & Mutations

You reflexively headbutt those who attack you in melee.
You have a pair of horns on your head.
You passively map a small area around you.
Your movements are slightly less encumbered by armour. (ER -2)


Message History

Unknown command.
There is a stone staircase leading up here.
Unknown command.
Unknown command.
You block Snorg's attack. Snorg claws you but does no damage.
You block Snorg's attack. Snorg bites you but does no damage.
Snorg barely misses you. You block Snorg's attack.
You climb upwards.
There is a stone staircase leading down here.
Unknown command.
Unknown command.
Unknown command.
Unknown command.
Unknown command.
Unknown command.
Okay, then.
You block Snorg's attack. x3
A centaur skeleton comes into view.
Snorg bites you!!
You die...

##############.##################
.................................
.........#+#....................)
......##.'_'.####.....Z..........
......####+#.# #>.............##
......# #...# #.)............#
......# ##### #..............#
......###########T.............##
................@................
.................................
.........................########
.............#########...#
.............# #...#
.............# #...#
...........[.#########...########
.................................
.................................


You could see Snorg (berserk) and a centaur skeleton.

Vanquished Creatures
  A two-headed ogre (D:9)
  Prince Ribbit (D:7)
  6 yaks (D:9)
  2 wyverns (D:9)
  Menkaure (D:6)
  Duvessa (D:4)
  2 orc warriors
  3 black bears
  3 phantoms
  2 ogres
  A necrophage (D:9)
  A centaur (D:5)
  Dowan (D:4)
  A water moccasin zombie (D:5)
  4 scorpions
  7 killer bees (D:8)
  9 wights
  A crimson imp (D:8)
  A howler monkey (D:7)
  3 jellies
  2 bullfrog zombies (D:8)
  3 hounds
  An orc priest (D:5)
  2 centaur skeletons
  2 bullfrog skeletons
  An iguana (D:7)
  7 orc wizards
  6 worker ants
  A killer bee zombie (D:8)
  A hound skeleton (D:9)
  A worker ant zombie (D:6)
  2 howler monkey zombies
  18 gnolls
  13 adders
  5 shadow imps
  2 oozes
  2 adder zombies
  An adder skeleton (D:8)
  2 worms (D:2)
  2 dart slugs
  4 leopard geckos
  10 orcs
  2 ball pythons
  7 bats
  2 giant cockroaches (D:3)
  10 goblins
  13 hobgoblins
  2 jackals (D:2)
  11 kobolds
  7 quokkas
  7 frilled lizards
  5 rats
205 creatures vanquished.

Notes
Turn   | Place    | Note
-------+----------+-------------------------------------------
     0 | D:1      | Ferdoslav the Minotaur Fighter began the quest for the Orb.
     0 | D:1      | Reached XP level 1. HP: 19/19 MP: 0/0
    92 | D:1      | Reached skill level 3 in Maces & Flails
    99 | D:1      | Reached XP level 2. HP: 26/26 MP: 1/1
   186 | D:1      | Reached skill level 4 in Maces & Flails
   340 | D:1      | Reached XP level 3. HP: 26/31 MP: 2/2
   448 | D:1      | Found a sparkling altar of Nemelex Xobeh.
   747 | D:2      | Reached skill level 5 in Maces & Flails
   857 | D:2      | Reached XP level 4. HP: 39/39 MP: 3/3
  1454 | D:2      | Reached skill level 6 in Maces & Flails
  1688 | D:3      | Reached XP level 5. HP: 42/45 MP: 4/4
  1983 | D:3      | Reached skill level 7 in Maces & Flails
  2103 | D:4      | Found Gozag's Platinum Reserve.
  2198 | D:4      | Found an opulent altar of Gozag.
  2203 | D:4      | Found a staircase to the Ecumenical Temple.
  2237 | D:4      | HP: 1/45 [gnoll/spear (6)]
  2248 | Temple   | Entered the Ecumenical Temple
  2251 | Temple   | Reached XP level 6. HP: 4/51 MP: 5/5
  2262 | Temple   | Became a worshipper of Warmaster Okawaru
  2547 | D:4      | Noticed Duvessa
  2557 | D:4      | Killed Duvessa
  2557 | D:4      | Reached skill level 8 in Maces & Flails
  2719 | D:4      | Reached skill level 9 in Maces & Flails
  2798 | D:4      | Reached XP level 7. HP: 24/57 MP: 6/6
  2970 | D:4      | Found a shattered altar of Ashenzari.
  3132 | D:4      | Noticed Dowan
  3157 | D:4      | Killed Dowan
  3226 | D:5      | Entered Level 5 of the Dungeon
  3256 | D:5      | Reached * piety under Okawaru
  3410 | D:5      | Found an iron altar of Okawaru.
  3414 | D:5      | Reached skill level 10 in Maces & Flails
  3619 | D:5      | Found a radiant altar of Vehumet.
  3647 | D:5      | Reached skill level 11 in Maces & Flails
  3701 | D:5      | Found a stormy altar of Qazlal.
  3912 | D:5      | Reached ** piety under Okawaru
  3912 | D:5      | Reached XP level 8. HP: 24/64 MP: 7/7
  4336 | D:5      | HP: 2/64 [orc warrior/trident of protection (14)]
  4754 | D:6      | Reached skill level 12 in Maces & Flails
  4779 | D:6      | Found a glowing golden altar of the Shining One.
  5021 | D:6      | Found a snail-covered altar of Cheibriados.
  5079 | D:6      | Noticed Menkaure
  5082 | D:6      | Killed Menkaure
  5082 | D:6      | Reached skill level 13 in Maces & Flails
  5570 | D:7      | Noticed Prince Ribbit
  5942 | D:7      | Killed Prince Ribbit
  5942 | D:7      | Reached XP level 9. HP: 66/70 MP: 6/8
  6062 | D:7      | Reached skill level 14 in Maces & Flails
  6411 | D:8      | Found Uwnixt's Antique Armour Shop.
  6418 | D:8      | Reached *** piety under Okawaru
  6451 | D:8      | Found a staircase to the Lair.
  6481 | D:8      | HP: 2/70 [killer bee (6)]
  6482 | D:8      | Gained mutation: You passively map a small area around you. [potion of mutation]
  6482 | D:8      | Gained mutation: You are agile. (Dex +2) [potion of mutation]
  6482 | D:8      | Lost mutation: You are agile. (Dex +2) [potion of mutation]
  6482 | D:8      | Gained mutation: Your movements are slightly less encumbered by armour. (ER -2) [potion of mutation]
  6894 | D:8      | Reached skill level 15 in Maces & Flails
  7025 | D:8      | Found an ancient bone altar of Kikubaaqudgha.
  7365 | D:8      | Reached skill level 5 in Shields
  7495 | D:9      | Found Pile's General Store.
  7552 | D:9      | Found a glowing silver altar of Zin.
  7644 | D:9      | Noticed a two-headed ogre
  7655 | D:9      | Killed a two-headed ogre
  7655 | D:9      | Reached **** piety under Okawaru
  7655 | D:9      | Reached XP level 10. HP: 26/77 MP: 9/9
  7971 | D:9      | Found an ancient bone altar of Kikubaaqudgha.
  8064 | D:9      | Found a bloodstained altar of Trog.
  8110 | D:9      | Reached ***** piety under Okawaru
  8110 | D:9      | Reached skill level 16 in Maces & Flails
  8404 | D:9      | Found a sacrificial altar of Ru.
  8604 | D:10     | Entered Level 10 of the Dungeon
  8604 | D:10     | Noticed Snorg
  8619 | D:9      | Slain by Snorg

Skill      XL: |  1  2  3  4  5  6  7  8  9 10 |
---------------+-------------------------------+-----
Maces & Flails | 3 4 5 6 7 9 11 13 15 16 | 16.2
Shields        | 6 8 |  8.3
Fighting       | |  3.6
Armour         | |  3.6

Action                   |  1- 3 |  4- 6 |  7- 9 | 10-12 || total
-------------------------+-------+-------+-------+-------++-------
Melee: Flail             |    67 |   203 |   408 |       ||   678
       Headbutt          |    18 |    38 |    88 |    20 ||   164
       Short sword       |    26 |       |       |       ||    26
       Morningstar       |       |       |    33 |    87 ||   120
Invok: Heroism           |       |       |     2 |       ||     2
  Use: Potion            |       |     1 |     7 |       ||     8
       Scroll            |       |       |     2 |       ||     2
 Stab: Distracted        |       |       |     1 |       ||     1
  Eat: Chunk             |       |     6 |     9 |       ||    15
       Meat ration       |       |       |     2 |       ||     2
Armor: Scale mail        |    37 |    32 |       |       ||    69
       Plate armour      |       |    90 |   172 |    76 ||   338
       Skin              |       |       |    24 |       ||    24
Dodge: Dodged            |    39 |    50 |    42 |    12 ||   143
Block: Shield            |    56 |   135 |   137 |       ||   328
       Large shield      |       |       |    62 |   116 ||   178
